AoeStats
← IxRuedaCxI

Arabia

510566128Analyzed
1v1 RM · 20h ago on Oct 1, 2026· 39m 52s· 2 players
Game mode
Random Map
Map size
Tiny (2 player)
Population
200
Speed
Normal
Resources
Standard
Victory
Conquest
Starting age
Dark Age
Ending age
Imperial Age
RankedLock teamsTeams togetherTeam positionsShared explorationLock speedFull tech treeHidden civsTurbo modeCheats
Victory
Defeat
🇨🇴 Teutons · Colombia
1268
+14
🇬🇧 Koreans · United Kingdom
1235
-14
IxRuedaCxI
4:49 Loom
6:40 Loom
9:32 Feudal Age
12:49 Double-Bit Axe
15:17 Horse Collar
17:37 Wheelbarrow
17:42 Gold Mining
21:11 Castle Age
21:41 Forging
21:36 Scale Barding Armor
21:44 Bloodlines
23:23 Iron Casting
25:45 Chain Barding Armor
36:17 Imperial Age
36:52 Cavalier
max.steam.cool
6:46 Loom
10:39 Feudal Age
15:15 Castle Age
25:25 Fletching
28:42 Bodkin Arrow
40:53 Imperial Age
Connection lost

Rejoining the realm…

Still unreachable

The connection could not be restored.

Session expired

The server has moved on; the page needs a fresh start.